 Dungeon Crawl Stone Soup version 0.28-a0-863-g8cecda6153 (webtiles) character file.

Game seed: 13143272129078772815

81 siradein the Skirmisher (level 4, -4/36 HPs)
             Began as a Demonspawn Chaos Knight on Nov 17, 2021.
             Was a Plaything of Xom.
             Engulfed by a steam dragon's steam (5 damage)
             ... on level 4 of the Dungeon.
             The game lasted 00:03:18 (1846 turns).

siradein the Skirmisher (Demonspawn Chaos Knight)   Turns: 1846, Time: 00:03:19

Health: -4/36      AC:  9    Str: 12    XL:     4   Next: 20%
Magic:  4/4        EV:  9    Int: 14    God:    Xom [......]
Gold:   78         SH:  0    Dex: 13    Spells: 3/3 levels left

rFire   . . .      SeeInvis .   a - +0 spear (chaos)
rCold   . . .      Faith    .   (no shield)
rNeg    . . .      Spirit   .   h - +3 scale mail
rPois   +          Reflect  .   (no helmet)
rElec   .          Harm     .   (no cloak)
rCorr   .          Rampage  .   (no gloves)
Will    .....                   (no boots)
Stlth   ..........              (no amulet)
HPRegen 0.12/turn               f - ring of poison resistance
MPRegen 0.09/turn               (no ring)

@: no status effects
A: demonic guardian 1
a: Renounce Religion


You were on level 4 of the Dungeon.
You worshipped Xom.
You were a very special plaything of Xom.
You visited 1 branch of the dungeon, and saw 3 of its levels.

You collected 78 gold pieces.

Inventory:

Hand Weapons
 a - a +0 spear of chaos (weapon)
Missiles
 m - 20 poisoned darts (quivered)
Armour
 h - a +3 scale mail (worn)
Jewellery
 f - a ring of poison resistance (left hand)
Scrolls
 d - a scroll of identify {unknown}
 e - a scroll of torment {unknown}
 g - 2 scrolls of teleportation {unknown}
 i - a scroll of vulnerability {unknown}
 j - a scroll of noise {unknown}
 k - a scroll of enchant weapon {unknown}
Potions
 b - a potion of invisibility {unknown}
 c - a potion of heal wounds {unknown}
 l - a potion of magic {unknown}


   Skills:
 + Level 3.6 Fighting
 + Level 3.3 Polearms
 + Level 2.4 Armour
 + Level 1.8 Dodging


You had 3 spell levels left.
You didn't know any spells.
Your spell library was empty.

Dungeon Overview and Level Annotations

Branches:
Dungeon (2/15)

Altars:

Shops:
D:1 [


Innate Abilities, Weirdness & Mutations

A weak demonic guardian rushes to your aid.


Message History

The shaft crumbles and collapses.
Xom is highly amused!
An iguana comes into view.
The iguana hisses angrily.
Found a stone staircase leading down.
You closely miss the iguana. "Let's try an experiment, hmmm?"
Your eyebrows wriggle.
You are now a very special plaything of Xom.
You barely miss the iguana. The iguana bites you!
You hit the iguana but do no damage.
The iguana bites you but does no damage.
You hit the iguana.
The iguana seems to slow down.
You freeze the iguana.
The iguana is heavily wounded.
The iguana bites you.
You closely miss the iguana.
The iguana is heavily wounded.
You closely miss the iguana.
The iguana is heavily wounded.
The iguana is no longer moving slowly.
The iguana bites you.
You barely miss the iguana.
The iguana is heavily wounded.
The iguana barely misses you.
You hit the iguana.
The iguana is heavily wounded.
The iguana bites you but does no damage.
You hit the iguana but do no damage.
The iguana is heavily wounded.
You hear Xom's avuncular chuckle.
The iguana evaporates and reforms as a steam dragon!
You closely miss the steam dragon. The steam dragon breathes steam at you.
The ball of steam hits you!!
Ouch! That really hurt!
* * * LOW HITPOINT WARNING * * *
A demonic guardian appears!
You closely miss the steam dragon.
You are engulfed in a cloud of scalding steam.
You die...
Xom roars with laughter! .. #. #. #. #. #5 #.###### #D@ยงยง..# ######.#

You could see a steam dragon (catching breath, ally target) and a friendly ufetubus (summoned).

Vanquished Creatures
  An adder (D:2)
  A worm (D:2)
  A dart slug (D:2)
  4 ball pythons
  2 bats
  4 endoplasms
  4 giant cockroaches
  5 goblins
  3 hobgoblins (D:2)
  2 jackals (D:2)
  8 kobolds
  2 quokkas
  6 frilled lizards
  3 rats
46 creatures vanquished.

Vanquished Creatures (collateral kills)
  An adder (D:2)
  An endoplasm (D:2)
  2 jackals (D:2)
  2 kobolds (D:1)
6 creatures vanquished.

Grand Total: 52 creatures vanquished

Notes
Turn   | Place    | Note
-------+----------+-------------------------------------------
     0 | D:1      | siradein the Demonspawn Chaos Knight began the quest for
                  | the Orb.
     0 | D:1      | Reached XP level 1. HP: 18/18 MP: 1/1
    26 | D:1      | Reached skill level 1 in Dodging
   258 | D:1      | Gained mutation: A weak demonic guardian rushes to your
                  | aid. [demonic ancestry]
   258 | D:1      | Reached XP level 2. HP: 24/24 MP: 2/2
   408 | D:1      | Found Fubof's Armour Emporium.
   766 | D:1      | Reached XP level 3. HP: 29/29 MP: 3/3
  1030 | D:1      | XOM: silly message
  1298 | D:2      | XOM: silly message
  1403 | D:2      | XOM: divination: magic mapping
  1647 | D:2      | Reached XP level 4. HP: 32/36 MP: 4/4
  1762 | D:2      | XOM: divination: detect items
  1800 | D:2      | Found a faded altar of an unknown god.
  1835 | D:2      | You fall into a shaft and drop 2 floors!
  1836 | D:4      | XOM: silly message
  1844 | D:4      | Noticed a steam dragon
  1844 | D:4      | an iguana changed into a steam dragon
  1844 | D:4      | XOM: polymorph iguana -> steam dragon
  1845 | D:4      | HP: 1/36 [steam dragon/ball of steam (20)]
  1846 | D:4      | Engulfed by a steam dragon's steam

Illustrated notes

Levels and vault maps discovered:
D:1:      amcnicky_arrival_double_pillar, layout_loops_corners, serial_shops,
          shop, grunt_decor_mini_mirrors
D:2:      minmay_skewed_foursquare, layout_rooms,
          chequers_ecumenical_altar_simple_redux, kennysheep_generic_room_5
D:4:      layout_loops_ring, minmay_circle_x

Skill      XL: |  1  2 |
---------------+-------+-----
Dodging        | 1 |  1.8
Armour         | 2 |  2.4
Polearms       | 3 |  3.3
Fighting       | |  3.6

Action                   |  1- 3 |  4- 6 || total
-------------------------+-------+-------++-------
Melee: Spear             |   149 |    47 ||   196
 Stab: Sleeping          |     1 |       ||     1
Armor: Leather armour    |    15 |       ||    15
       Scale mail        |    44 |    18 ||    62
Dodge: Dodged            |    39 |    18 ||    57

Table legend: (Time is in decaauts)
 A = Elapsed time spent in this place.
 B = Non-inter-level travel time spent in this place.
 C = Inter-level travel time spent in this place.
 D = Time resting spent in this place.
 E = Time spent auto-exploring this place.
 F = Levels seen in this place.
 G = Mean time per level.
                   A        B        C        D        E       F      G
               +--------+--------+--------+--------+--------+-----+--------+
         Total |   1834 |   1817 |     17 |      0 |   1466 |   3 |  611.3 |
       Dungeon |   1834 |   1817 |     17 |      0 |   1466 |   3 |  611.3 |
               +--------+--------+--------+--------+--------+-----+--------+

Top non-repeatable levels by time:
     D:1: 1126 daAuts
     D:2: 697 daAuts
     D:4: 10 daAuts
